 Dungeon Crawl Stone Soup version 0.26.1-11-gd32895ea62 (webtiles) character file.

Game seed: 4207827601677928290

1825 Lisafication the Grappler (level 8, -3/75 HPs)
             Began as a Troll Berserker on May 9, 2021.
             Was an Elder of Trog.
             Slain by a water moccasin (4 damage)
             ... on level 6 of the Dungeon.
             The game lasted 00:21:48 (4868 turns).

Lisafication the Grappler (Troll Berserker)         Turns: 4868, Time: 00:21:50

Health: -3/75      AC:  9    Str: 32    XL:     8   Next: 86%
Magic:  7/7        EV: 11    Int:  3    God:    Trog [****..]
Gold:   261        SH:  0    Dex: 11    Spells: 7/7 levels left

rFire    . . .     SeeInvis .     - Unarmed
rCold    . . .     Faith    .   (no shield)
rNeg     . . .     Spirit   .   a - +0 animal skin
rPois    .         Reflect  .   (helmet restricted)
rElec    .         Harm     .   n - +2 cloak
rCorr    .         Rampage  .   (gloves unavailable)
Will     ++...                  (boots unavailable)
Stlth    +++.......             (no amulet)
HPRegen  1.62/turn              c - ring of stealth
MPRegen  0.10/turn              i - +6 ring of strength

@: mighty, brilliant, lethally poisoned (-3 -> -3), berserk cooldown, flying,
regenerating, slowed, very slow
A: large, unfitting armour, claws 3, regeneration 1, shaggy fur 1, tough skin 3
a: Renounce Religion, Berserk, Trog's Hand, Brothers in Arms


You were on level 6 of the Dungeon.
You worshipped Trog.
Trog was greatly pleased with you.
You visited 2 branches of the dungeon, and saw 7 of its levels.
You also visited: Ossuary.

You collected 261 gold pieces.

Inventory:

Hand Weapons
 e - a +1 short sword of venom
 m - a +2 quarterstaff of chaos
Missiles
 h - 29 bolts
Armour
 a - a +0 animal skin (worn)
 n - a +2 cloak (worn)
 E - a cursed +0 ring mail
 F - a cursed +0 plate armour
Jewellery
 c - a ring of stealth (left claw)
 i - a +6 ring of strength (right claw)
 u - an uncursed ring of positive energy {unknown}
Wands
 s - a wand of iceblast (21)
 t - a wand of polymorph (7)
Scrolls
 b - a scroll of magic mapping {unknown}
 d - 5 scrolls of remove curse {unknown}
 f - 2 scrolls of blinking {unknown}
 k - 2 scrolls of teleportation {unknown}
 l - a scroll of random uselessness {unknown}
 o - 4 scrolls of identify {unknown}
 q - a scroll of fear {unknown}
 r - 4 scrolls of amnesia {unknown}
 y - a scroll of summoning {unknown}
 B - 2 scrolls of enchant weapon {unknown}
Potions
 g - a potion of brilliance
 j - 5 potions of curing {unknown}
 p - a potion of haste {unknown}
 v - a potion of resistance {unknown}
 w - a potion of ambrosia {unknown}
 x - a potion of degeneration {unknown}
 z - 2 potions of berserk rage {unknown}
 A - a potion of lignification {unknown}
 C - a potion of might


   Skills:
 + Level 3.5 Fighting
 + Level 4.6 Dodging
 + Level 3.1 Stealth
 + Level 9.0 Unarmed Combat


You had 7 spell levels left.
You didn't know any spells.
Your spell library was empty.

Dungeon Overview and Level Annotations

Branches:
Dungeon (6/15)             Temple (1/1) D:5         Ossuary (visited)

Altars:
Ashenzari
Cheibriados
Dithmenos
Elyvilon
Gozag
Hepliaklqana
Kikubaaqudgha
Qazlal
Ru
Trog
Uskayaw
Vehumet
Wu Jian
Yredelemnul
Zin


Innate Abilities, Weirdness & Mutations

You are too large for most types of armour.
You have claws for hands.
Your natural rate of healing is unusually fast.
You are covered in fur. (AC +1)
You have extremely tough skin. (AC +3)


Message History

* * * LOW HITPOINT WARNING * * *
Unknown command.
Attack: -) Claws
Press: ? - help, Dir - move target, f - water moccasin
Aim: a water moccasin (heavily wounded)
Okay, then.
Unknown command.
It was a potion of might.
You feel very mighty all of a sudden.
You feel sick. The water moccasin barely misses you.
The orc priest hits you with a +0 mace.
* * * LOW HITPOINT WARNING * * *
The water moccasin bites you but does no damage.
It was a potion of flight.
You feel very buoyant.
You fly up into the air.
You feel sick. The water moccasin bites you.
* * * LOW HITPOINT WARNING * * *
The orc priest hits you but does no damage.
The water moccasin bites you.
You die...

##..........
#.........(.#..#
#.#######...(..........#
.......................
..###...##..........#
#.#.###.........
#...###..##...#
#...###..)(###...## #c#.
#.#))..S@...# #. .#
#..))..o.....# .. .#
#..###..######.# . .#
#.# #..# .# .# . #..# ##
...# #...# ....#


You could see a water moccasin and an orc priest.

Vanquished Creatures
  A wraith (Ossuary)
  2 orc warriors (D:6)
  An ice beast (D:5)
  A phantom (D:6)
  4 ogres (D:5)
  2 centaurs (D:6)
  Blork the orc (D:5)
  2 scorpions
  A wight (D:6)
  2 bullfrog zombies
  2 jellies (D:5)
  Crazy Yiuf (D:2)
  Ijyb (D:3)
  2 iguanas
  3 worker ants
  3 mummies (Ossuary)
  3 hound skeletons
  4 adders
  A shadow imp (D:5)
  5 oozes
  An adder skeleton (D:5)
  2 adder zombies (D:5)
  2 dart slugs
  4 worms
  2 leopard geckos
  17 orcs
  2 ball pythons
  10 bats
  2 giant cockroaches
  14 goblins
  13 hobgoblins
  8 jackals
  6 kobolds
  A quokka (D:5)
  2 frilled lizards
  6 goblin zombies (Ossuary)
  4 hobgoblin zombies (Ossuary)
  4 kobold zombies (Ossuary)
  A leopard gecko skeleton (D:5)
  10 rats
153 creatures vanquished.

Notes
Turn   | Place    | Note
-------+----------+-------------------------------------------
     0 | D:1      | Lisafication the Troll Berserker began the quest for the
                  | Orb.
     0 | D:1      | Reached XP level 1. HP: 22/22 MP: 0/0
   191 | D:1      | Reached XP level 2. HP: 26/29 MP: 1/1
   292 | D:1      | Found a broken altar of Ashenzari.
   354 | D:1      | Reached XP level 3. HP: 36/36 MP: 2/2
   460 | D:1      | Reached ** piety under Trog
   843 | D:2      | Found a white marble altar of Elyvilon.
  1105 | D:2      | Found a runed translucent door.
  1106 | D:2      | Noticed Crazy Yiuf
  1117 | D:2      | Killed Crazy Yiuf
  1118 | D:2      | Reached skill level 4 in Unarmed Combat
  1118 | D:2      | Reached XP level 4. HP: 44/44 MP: 3/3
  1418 | D:2      | You fall into a shaft and drop 2 floors!
  1490 | D:3      | Found a bloodstained altar of Trog.
  1499 | D:3      | Found a sacrificial altar of Ru.
  1517 | D:3      | Found a snail-covered altar of Cheibriados.
  1539 | D:3      | Found a glowing silver altar of Zin.
  1550 | D:3      | Noticed a -2 dagger
  1550 | D:3      | Noticed a +0 hand axe
  1555 | D:3      | Found a hide-covered altar of Uskayaw.
  1777 | D:3      | Reached XP level 5. HP: 48/52 MP: 4/4
  1903 | D:3      | Reached *** piety under Trog
  1939 | D:3      | Noticed Ijyb
  1968 | D:3      | Killed Ijyb
  2129 | D:3      | Found a radiant altar of Vehumet.
  2588 | D:4      | Reached skill level 5 in Unarmed Combat
  2718 | D:4      | Reached skill level 1 in Stealth
  2718 | D:4      | Reached XP level 6. HP: 48/61 MP: 5/5
  2904 | D:4      | Found a stormy altar of Qazlal.
  2912 | D:4      | Found a shadowy altar of Dithmenos.
  2966 | D:5      | Entered Level 5 of the Dungeon
  3073 | D:5      | Found a sand-covered staircase.
  3082 | Ossuary  | Entered an ossuary
  3082 | Ossuary  | Noticed a wraith
  3082 | Ossuary  | Noticed a wraith
  3082 | Ossuary  | Noticed a wraith
  3530 | Ossuary  | Noticed a wraith
  3539 | Ossuary  | Killed a wraith
  3540 | Ossuary  | Reached skill level 6 in Unarmed Combat
  3540 | Ossuary  | Reached XP level 7. HP: 20/67 MP: 6/6
  3765 | D:5      | Noticed Blork the orc
  3772 | D:5      | Killed Blork the orc
  3920 | D:5      | Reached **** piety under Trog
  3944 | D:5      | Reached skill level 7 in Unarmed Combat
  4081 | D:5      | Reached XP level 8. HP: 54/75 MP: 7/7
  4317 | D:5      | Found a staircase to the Ecumenical Temple.
  4334 | Temple   | Entered the Ecumenical Temple
  4500 | D:5      | Found an ornate altar of the Wu Jian Council.
  4690 | D:6      | Found a glowing silver altar of Zin.
  4709 | D:6      | Reached skill level 8 in Unarmed Combat
  4855 | D:6      | Reached skill level 9 in Unarmed Combat
  4866 | D:6      | HP: 3/75 [water moccasin (3)]
  4868 | D:6      | HP: 1/75 [water moccasin (2)]
  4868 | D:6      | Slain by a water moccasin

Illustrated notes

Levels and vault maps discovered:
D:1:      wheals_arrival_shading, layout_loops_ring, corexii_leaking_fountain,
          evilmike_ruin_ashenzari
D:2:      layout_loops_ring, elyvilon_altar_3, uniq_crazy_yiuf_cottage
D:3:      kennysheep_goblin_castle, layout_loops_corners,
          dancing_weapons_uskayaw, vehumet_crystals,
          grunt_temple_overflow_cloverleaf, chequers_decorated_corner
D:4:      layout_basic, amethyst_overflow_temple_binary
D:5:      layout_basic, kennysheep_mini, minmay_temple_entry_trees,
          nicolae_ossuary_entry_ruins, serial_curves, eino_curves_01,
          eino_curves_03, eino_curves_01, uniq_ijyb, uniq_blork_the_orc
D:6:      layout_rooms, basic_altar, minmay_starry_boxes
Temple:   zaba_magenta_temple

Skill      XL: |  1  2  3  4  5  6  7  8 |
---------------+-------------------------+-----
Dodging        | 3 4 |  4.6
Unarmed Combat | 4 5 6 7 9 |  9.0
Fighting       | 3 |  3.5
Stealth        | 1 2 3 |  3.1

Action                   |  1- 3 |  4- 6 |  7- 9 || total
-------------------------+-------+-------+-------++-------
Melee: Unarmed           |    86 |   191 |    93 ||   370
       Punch             |     1 |     6 |     2 ||     9
Invok: Berserk           |     1 |     4 |     2 ||     7
       Trog's Hand       |       |       |     1 ||     1
  Use: Potion            |       |       |     3 ||     3
 Stab: Sleeping          |     4 |     6 |     7 ||    17
Armor: Animal skin       |    32 |    93 |    25 ||   150
Dodge: Dodged            |    42 |   109 |    44 ||   195
